 Dungeon Crawl Stone Soup version 0.27-a0-1595-g0b823d0a13 (webtiles) character file.

Game seed: 296428022364310024

819 flotson the Skirmisher (level 7, -3/55 HPs)
             Began as a Demonspawn Delver on July 20, 2021.
             Was an Initiate of Gozag.
             Slain by a gnoll sergeant (5 damage)
             ... on level 5 of the Dungeon.
             The game lasted 00:10:36 (6228 turns).

flotson the Skirmisher (Demonspawn Delver)          Turns: 6228, Time: 00:10:38

Health: -3/55      AC:  8    Str: 11 (14) XL:     7   Next: 63%
Magic:  7/7        EV: 11    Int: 13 (15) God:    Gozag
Gold:   441        SH:  0    Dex: 11 (14) Spells: 6/6 levels left

rFire    . . .     SeeInvis .   b - +3 trident (pain)
rCold    . . .     Faith    .   (no shield)
rNeg     . . .     Spirit   .   y - +0 ring mail
rPois    .         Reflect  .   v - +2 helmet {Int+3}
rElec    .         Harm     .   (no cloak)
rCorr    .         Rampage  .   (no gloves)
Will     .....                  (no boots)
Stlth    ++........             n - amulet of regeneration
HPRegen  1.18/turn              d - ring of flight
MPRegen  0.10/turn              (no ring)

@: mighty, lethally poisoned (-3 -> -10), flying
A: claws 2, powered by death 1
a: Renounce Religion, Potion Petition, Call Merchant, Bribe Branch


You were on level 5 of the Dungeon.
You worshipped Gozag.
Gozag was aware of your devotion.
You visited 2 branches of the dungeon, and saw 6 of its levels.

You collected 492 gold pieces.
You paid 51 gold pieces to Gozag.

Inventory:

Hand Weapons
 a - a +0 hand axe
 b - a +3 trident of pain (weapon)
Missiles
 h - 20 poisoned darts (quivered)
 s - 5 throwing nets
 z - 6 boomerangs
Armour
 v - a +2 helmet of intelligence (worn)
 y - a +0 ring mail (worn)
Jewellery
 d - a ring of flight (left claw)
 n - an amulet of regeneration (around neck)
Wands
 g - a wand of digging (3)
 x - a wand of mindburst (15)
Scrolls
 c - a scroll of fog
 e - 7 scrolls of identify
 f - 2 scrolls of noise {unknown}
 m - a scroll of enchant armour {unknown}
 o - a scroll of amnesia {unknown}
 p - a scroll of teleportation {unknown}
 r - a scroll of blinking {unknown}
 t - a scroll of enchant weapon {unknown}
 w - a scroll of vulnerability {unknown}
Potions
 i - a potion of flight
 j - a potion of attraction
 l - a potion of magic


   Skills:
 + Level 4.7 Fighting
 + Level 3.8 Axes
 + Level 3.0 Throwing
 + Level 3.1 Armour
 + Level 3.7 Dodging
 - Level 4.5 Stealth
 + Level 1.8 Evocations


You had 6 spell levels left.
You didn't know any spells.
Your spell library contained the following spells:

 Spells                   Type           Power      Damage    Failure   Level
 Corona                   Hex            0%         N/A       56%         1
 Foxfire                  Conj/Fire      0%         2x1d4     56%         1
 Sandblast                Erth           0%         2d4       56%         1
 Ensorcelled Hibernation  Hex/Ice        0%         N/A       71%         2
 Passwall                 Tmut/Erth      0%         N/A       71%         2
 Slow                     Hex            0%         N/A       71%         2
 Confusing Touch          Hex            0%         N/A       91%         3
 Conjure Flame            Conj/Fire      0%         6-21      91%         3
 Ignite Poison            Fire/Tmut/Pois 0%         N/A       91%         3
 Inner Flame              Hex/Fire       0%         N/A       91%         3
 Tukima's Dance           Hex            0%         N/A       91%         3
 Vampiric Draining        Necr           0%         2d6       91%         3
 Sticky Flame             Conj/Fire      0%         2d3       100%        4
 Lee's Rapid Deconstruct  Erth           0%         3d5*      100%        5


Dungeon Overview and Level Annotations

Branches:
Dungeon (5/15)             Temple (1/1) D:4

Altars:
Elyvilon
Fedhas
Gozag
Trog
Xom

Annotations:
D:4 Sigmund


Innate Abilities, Weirdness & Mutations

You have very sharp fingernails.
You regenerate a little health from kills.


Message History

The gnoll sergeant hits you from afar with a +1 spear of venom.
* * * LOW HITPOINT WARNING * * *
You feel better.
The gnoll sergeant hits you from afar with a +1 spear of venom.
* * * LOW HITPOINT WARNING * * *
You are poisoned.
Aiming: Mindburst
Press: ? - help, Shift-Dir - straight line, f/p - gnoll sergeant
Aim: a gnoll sergeant, wielding a +1 spear of venom, wearing a +0 scale mail and wearing a +0 kite shield (heavily wounded, chance to affect: 73%)
The gnoll sergeant struggles to resist.
You feel sick.
The gnoll sergeant hits you from afar with a +1 spear of venom!
* * * LOW HITPOINT WARNING * * *
You are lethally poisoned!
You feel better.
The gnoll sergeant hits you from afar with a +1 spear of venom!
* * * LOW HITPOINT WARNING * * *
You are poisoned.
You feel better. The gnoll sergeant barely misses you.
Aiming: Mindburst
Press: ? - help, Shift-Dir - straight line, f/p - gnoll sergeant
Aim: a gnoll sergeant, wielding a +1 spear of venom, wearing a +0 scale mail and wearing a +0 kite shield (heavily wounded, chance to affect: 73%)
The gnoll sergeant struggles to resist.
The gnoll sergeant hits you from afar with a +1 spear of venom!
* * * LOW HITPOINT WARNING * * *
You are poisoned.
It was a potion of degeneration.
There was something very wrong with that liquid.
You feel weakened.
You feel dopey.
You feel clumsy.
* * * LOW HITPOINT WARNING * * *
You feel very sick.
The gnoll sergeant hits you from afar with a +1 spear of venom.
* * * LOW HITPOINT WARNING * * *
You are more poisoned.
It was a potion of might.
You feel very mighty all of a sudden.
* * * LOW HITPOINT WARNING * * *
You feel very sick.
The gnoll sergeant hits you from afar with a +1 spear of venom.
You die...
Your body crumbles into a pile of gold.

#. #. #################
#. #...............# #.
#...#########(..## #.
##..###########...#####.
#..##.....'...##..##....
#..##....g#...##.....###
#..##..@..# >.##.##....#
#..##.....# .##.##..#..
#...#...### #..##.<...
#........#####..........
#.......................
#.##....#####.##...#....
#.##.#### ##...#.#####..
#.##.## #....#..###...
#.....## #..###.#......


You could see a gnoll sergeant.

Vanquished Creatures
  An ogre (D:5)
  A gnoll sergeant (D:5)
  A scorpion (D:4)
  A centaur zombie (D:5)
  3 gnoll shamans
  A jelly (D:5)
  A centaur skeleton (D:5)
  3 hounds
  24 gnolls
  2 adders
  A howler monkey skeleton (D:4)
  An ufetubus (D:4)
  A worm (D:4)
  A dart slug (D:4)
  An orc (D:5)
  9 ball pythons
  5 endoplasms
  4 giant cockroaches
  4 goblins
  4 hobgoblins
  17 jackals
  7 kobolds
  3 quokkas
  2 frilled lizards
  4 rats
102 creatures vanquished.

Notes
Turn   | Place    | Note
-------+----------+-------------------------------------------
     0 | D:5      | flotson the Demonspawn Delver began the quest for the Orb.
     0 | D:5      | Reached XP level 1. HP: 18/18 MP: 1/1
    68 | D:4      | Noticed Sigmund
   763 | D:1      | Gained mutation: You regenerate a little health from kills.
                  | [demonic ancestry]
   763 | D:1      | Reached XP level 2. HP: 23/24 MP: 2/2
  1782 | D:2      | Reached XP level 3. HP: 29/29 MP: 3/3
  2423 | D:2      | Reached skill level 1 in Armour
  2637 | D:3      | Reached skill level 1 in Throwing
  2641 | D:3      | Found a faded altar of an unknown god.
  3900 | D:3      | Gained mutation: You have sharp fingernails. [demonic
                  | ancestry]
  3900 | D:3      | Reached XP level 4. HP: 10/35 MP: 4/4
  3990 | D:4      | Found a staircase to the Ecumenical Temple.
  4003 | Temple   | Entered the Ecumenical Temple
  4088 | Temple   | Became a worshipper of Gozag Ym Sagoz the Greedy
  4134 | D:4      | Noticed a scorpion
  4157 | D:4      | Killed a scorpion
  4158 | D:4      | Gained mutation: You have very sharp fingernails. [demonic
                  | ancestry]
  4158 | D:4      | Reached XP level 5. HP: 38/42 MP: 5/5
  4846 | D:4      | Reached XP level 6. HP: 48/48 MP: 6/6
  5378 | D:5      | Found a bloodstained altar of Trog.
  5391 | D:5      | Found a shimmering altar of Xom.
  5593 | D:5      | Reached XP level 7. HP: 55/55 MP: 7/7
  5643 | D:5      | Reached skill level 1 in Evocations
  6228 | D:5      | HP: 2/55 [poisoned by a gnoll sergeant]
  6228 | D:5      | Slain by a gnoll sergeant

Illustrated notes

Levels and vault maps discovered:
D:1:      heliophobic_arrival_henge, layout_basic, item_on_display_b
D:2:      layout_basic
D:3:      layout_basic, dreamdust_ecumenical_altar_statues
D:4:      layout_basic, minmay_temple_entry_offerings, uniq_sigmund
D:5:      layout_cave_pools, mainiacjoe_overflow_large_starburst,
          serial_gnoll_camp, gnoll_camp_mini_hut, gnoll_camp_medium_01,
          gnoll_camp_mini_hut, gnoll_camp_mini_sergeant, gnoll_camp_mini_hut
Temple:   nicolae_temple_figure_eight

Skill      XL: |  1  2  3  4  5  6  7 |
---------------+----------------------+-----
Axes           | 2 3 |  3.8
Dodging        | 2 3 |  3.7
Armour         | 1 2 3 |  3.1
Throwing       | 1 2 3 |  3.0
Fighting       | 4 |  4.7
Evocations     | 1 |  1.8
Stealth        | |  4.5

Action                   |  1- 3 |  4- 6 |  7- 9 || total
-------------------------+-------+-------+-------++-------
Melee: Hand axe          |   182 |   202 |       ||   384
       Trident           |       |    34 |    86 ||   120
Throw: Dart              |     7 |    64 |    13 ||    84
Evoke: Wand              |       |       |     2 ||     2
  Use: Scroll            |     2 |     2 |       ||     4
       Potion            |     1 |     4 |     5 ||    10
 Stab: Sleeping          |    12 |     5 |     1 ||    18
       Distracted        |       |     2 |       ||     2
Armor: Leather armour    |    51 |    71 |     1 ||   123
       Skin              |       |     5 |       ||     5
       Ring mail         |       |       |    29 ||    29
Dodge: Dodged            |   132 |   196 |    71 ||   399

Table legend: (Time is in decaauts)
 A = Elapsed time spent in this place.
 B = Non-inter-level travel time spent in this place.
 C = Inter-level travel time spent in this place.
 D = Time resting spent in this place.
 E = Time spent auto-exploring this place.
 F = Levels seen in this place.
 G = Mean time per level.
                   A        B        C        D        E       F      G
               +--------+--------+--------+--------+--------+-----+--------+
         Total |   6298 |   6107 |    191 |    139 |   4528 |   6 | 1049.7 |
       Dungeon |   6195 |   6021 |    174 |    139 |   4449 |   5 | 1239.0 |
        Temple |    102 |     85 |     17 |      0 |     79 |   1 |  102.0 |
               +--------+--------+--------+--------+--------+-----+--------+

Top non-repeatable levels by time:
     D:2: 1887 daAuts
     D:1: 1203 daAuts
     D:4: 1158 daAuts
     D:5: 1103 daAuts
     D:3: 842 daAuts
  Temple: 102 daAuts
